 Dungeon Crawl Stone Soup version 0.24.0-1-gfbc8707 (webtiles) character file.

Game seed: 16354239792113294486, levelgen mode: deterministic

93 Buxparty the Skirmisher (level 4, -3/35 HPs)
             Began as a Mummy Fighter on Jan 9, 2020.
             Killed by divine providence
             ... invoked by an orc priest
              (11 damage)
             ... on level 3 of the Dungeon.
             The game lasted 00:04:30 (1415 turns).

Buxparty the Skirmisher (Mummy Fighter)             Turns: 1415, Time: 00:04:30

Health: -3/35      AC:  6    Str: 20    XL:     4   Next: 37%
Magic:  4/4        EV:  7    Int:  7    God:
Gold:   95         SH:  9    Dex: 11    Spells: 3/3 levels left

rFire    . . .     SeeInvis .   i - +2 war axe (freeze)
rCold    + . .     Gourm    .   c - +0 shield
rNeg     + + +     Faith    .   b - +0 scale mail
rPois    ∞         Spirit   .   (no helmet)
rElec    .         Reflect  .   (no cloak)
rCorr    .         Harm     .   (no gloves)
MR       .....                  (no boots)
Stlth    ..........             (no amulet)
HPRegen  0.11/turn              e - ring of protection from fire
MPRegen  0.09/turn              j - ring of poison resistance (curse)

@: no status effects
A: no food or potions, fire vulnerability, cold resistance 1, negative energy
resistance 3, torment resistance, unbreathing
a: no special abilities


You were on level 3 of the Dungeon.
You were not hungry.

You visited 1 branch of the dungeon, and saw 3 of its levels.

You collected 95 gold pieces.

Inventory:

Hand Weapons
 a - a +0 war axe
 i - a +2 war axe of freezing (weapon)
Armour
 b - a +0 scale mail (worn)
 c - a +0 shield (worn)
Jewellery
 e - a ring of protection from fire (left hand)
 j - a cursed ring of poison resistance (right hand)
Scrolls
 d - 2 scrolls of teleportation {unknown}
 f - a scroll of enchant armour {unknown}
 g - 3 scrolls of identify {unknown}
 h - 2 scrolls of magic mapping {unknown}
 k - 2 scrolls of enchant weapon {unknown}


   Skills:
 + Level 3.3 Fighting
 * Level 3.2 Axes
 - Level 2.4 Armour
 + Level 0.1 Dodging
 + Level 2.9 Shields


You had 3 spell levels left.
You didn't know any spells.
Your spell library was empty.

Dungeon Overview and Level Annotations

Branches:
Dungeon (3/15)

Altars:
Cheibriados
Ru


Innate Abilities, Weirdness & Mutations

You do not eat or drink.
Your flesh is vulnerable to fire.
You are immune to poison.
Your flesh is cold resistant. (rC+)
You are immune to negative energy. (rN+++)
You are immune to unholy pain and torment.
You can survive without breathing.


Message History

The orc wizard blinks!
An orc priest and an orc wizard come into view.
The orc wizard shouts!
The orc priest shouts!
You hear an angry hiss.
The orc wizard gestures at you while chanting.
The magic dart hits you.
* * * LOW HITPOINT WARNING * * *
A ball python comes into view.
You see here a ration.
An orc comes into view. It is wielding a +0 dagger.
The orc shouts!
The orc wizard mumbles some strange words.
The orc wizard flickers and vanishes!
Deactivating autopickup; reactivate with Ctrl-A.
You block the orc's attack. You block the orc's attack.
The orc wizard mumbles some strange words.
The orc wizard blinks!
The orc priest calls down the wrath of Beogh upon you.
Beogh smites you!
You die...

#.#)†......# #
##......# #.#.#
.....###o.###.#.#
#.#.o##...o..o..#
......S#o##†###
...##..§%##.# #.
#..oo.))# #
#.#o###.#
#.#@###.#
#.......#
###†##### #...#
#...#######
#.........#
#####...#####.#
#...........#.#
..............#


You could see an orc priest, 2 orc wizards, 3 orcs and a ball python.

Vanquished Creatures
  An orc wizard (D:3)
  An adder (D:3)
  A worm (D:2)
  A dart slug (D:3)
  A leopard gecko (D:3)
  2 orcs (D:3)
  A ball python (D:2)
  9 bats
  5 giant cockroaches
  7 hobgoblins
  4 kobolds
  3 quokkas
  4 frilled lizards
  4 goblins
  7 rats
51 creatures vanquished.

Notes
Turn   | Place    | Note
-------+----------+-------------------------------------------
     0 | D:1      | Buxparty the Mummy Fighter began the quest for the Orb.
     0 | D:1      | Reached XP level 1. HP: 18/18 MP: 1/1
   212 | D:1      | Reached XP level 2. HP: 20/24 MP: 2/2
   673 | D:2      | Found a snail-covered altar of Cheibriados.
   673 | D:2      | Noticed a gnoll sergeant
   841 | D:2      | Found a sacrificial altar of Ru.
   860 | D:2      | Reached XP level 3. HP: 29/29 MP: 3/3
  1335 | D:3      | Reached XP level 4. HP: 6/35 MP: 4/4
  1415 | D:3      | Killed from afar by an orc priest

Levels and vault maps discovered:
D:1:      minmay_arrival_stair_chambers, layout_loops_ring
D:2:      layout_basic, cheibriados_altar_1, lemuel_coloured_pillars_altar,
          first_ration
D:3:      layout_loops_cross, minmay_fractal_squares_5, uniq_robin, uniq_ijyb,
          uniq_natasha, uniq_grinder

Skill      XL: |  1  2  3 |
---------------+----------+-----
Axes           | 2 3 |  3.2
Fighting       | |  3.3
Armour         | |  2.4
Dodging        | |  0.1
Shields        | |  2.9

Action                   |  1- 3 |  4- 6 || total
-------------------------+-------+-------++-------
Melee: War axe           |   142 |     5 ||   147
Armor: Scale mail        |    72 |     1 ||    73
Dodge: Dodged            |    61 |     1 ||    62
Block: Shield            |    74 |     4 ||    78
